 Dungeon Crawl Stone Soup version 0.19-a0-2173-g1ee194f (console) character file.

19413 Lasty the Severer (level 13, -4/96 HPs)
             Began as a Human Artificer on Feb 24, 2017.
             Was a High Priest of Dithmenos.
             Killed from afar by a frost giant (41 damage)
             ... with a bolt of cold
             ... on level 12 of the Dungeon.
             The game lasted 00:46:22 (18633 turns).

Lasty the Severer (Human Artificer)                Turns: 18633, Time: 00:46:23

Health: -4/96      AC: 24 (39%)Str: 15  XL:     13   Next: 4%
Magic:  0/15       EV: 10    Int: 15    God:    Dithmenos [*****.]
Gold:   628        SH:  0    Dex: 19    Spells: 10/12 levels left

rFire    . . .     SeeInvis +   a - +5 war axe {chop, Int+4 Dex+2}
rCold    . . .     Faith    .   A - +4 pearl dragon scales
rNeg     + . .     Spirit   +   (no shield)
rPois    .         Reflect  .   v - +0 helmet
rElec    .                      Q - +0 cloak
rCorr    .                      L - +0 pair of gloves
MR       +....                  n - +2 pair of boots
Stlth    ..........             K - amulet of guardian spirit
Regen    0.3/turn               I - ring of protection from magic
                                k - ring of see invisible

@: wreathed by umbra
A: no striking features
a: Shadow Step, Shadow Form, Renounce Religion


You were on level 12 of the Dungeon.
You worshipped Dithmenos.
Dithmenos was extremely pleased with you.
You were not hungry.

You visited 2 branches of the dungeon, and saw 13 of its levels.
You also visited: Ossuary.

You collected 902 gold pieces.
You spent 274 gold pieces at shops.


   Skills:
 + Level 7.3 Fighting
 - Level 1.0 Short Blades
 - Level 15.5(16.0) Axes
 - Level 6.6(12.1) Polearms
 + Level 7.7 Armour
 - Level 2.0 Dodging
 - Level 1.0 Stealth
 - Level 3.0 Evocations


You had 10 spell levels left.
You knew the following spells:

 Your Spells              Type           Power        Failure   Level  Hunger
a - Summon Butterflies    Summ           0 (100)      92%         1    ##.....
s - Apportation           Tloc           0 (1000)     92%         1    ##.....

Inventory:

Hand Weapons
 a - the +5 war axe of Sunlight (weapon) {chop, Int+4 Dex+2}
   (You found it on level 5 of the Dungeon)

   It inflicts extra damage upon your enemies.
   It affects your intelligence (+4).
   It affects your dexterity (+2).
 b - a +2 flail of freezing
   (You took it off a wight on level 7 of the Dungeon)
 f - a +0 short sword
 j - a +0 hunting sling
 u - a +0 dagger of venom
   (You took it off a goblin on level 1 of the Dungeon)
 J - the +1 hunting sling of Utuumuapp {velocity, rF+ Stlth+}
   (You took it off a wight on level 8 of the Dungeon)

   Any stone fired from it inflicts extra damage.
   It protects you from fire.
   It makes you more stealthy.
 M - a +0 battleaxe
 N - a +1 vampiric war axe
   (You took it off an orc warrior on level 10 of the Dungeon)
 T - a +0 spear
Missiles
 o - 66 tomahawks
 p - 4237 stones (quivered)
Armour
 n - a +2 pair of boots (worn)
 v - a +0 helmet (worn)
 A - +4 pearl dragon scales (worn)
 B - the +2 leather armour "Symepnoi" {Str+4}
   (You took it off an orc on level 5 of the Dungeon)

   It affects your strength (+4).
 L - a +0 pair of gloves (worn)
 Q - a +0 cloak (worn)
Jewellery
 k - a ring of see invisible (left hand)
 I - a ring of protection from magic (right hand)
 K - an amulet of guardian spirit (around neck)
Wands
 c - a wand of flame (20)
 d - a wand of enslavement (12)
 e - a wand of random effects (14)
 w - a wand of scattershot (1)
 y - a wand of acid (3)
 H - a wand of polymorph (10)
 P - a wand of digging (8)
 R - a wand of slowing (6)
 S - a wand of confusion (6)
Scrolls
 g - 2 scrolls of enchant weapon
 h - 4 scrolls of fear {!r}
 m - 10 scrolls of teleportation {!r}
 s - 2 scrolls of fog
 t - 6 scrolls of immolation {!r}
 z - 4 scrolls of recharging
 D - 2 scrolls of magic mapping {!r}
 G - a scroll of silence {!r}
Potions
 i - 2 potions of mutation {!q}
 l - 4 potions of might {!q}
 q - 3 potions of brilliance {!q}
 r - 3 potions of lignification {!q}
 x - 3 potions of agility {!q}
 C - a potion of flight
 E - 8 potions of curing
 F - 2 potions of cancellation {!q}
 O - a potion of cure mutation {!q}
 U - a potion of heal wounds {!q}


Message History

Aim: a frost giant, wielding a +0 battleaxe of freezing (hasn't noticed you, chance to defeat MR: 10%)
Okay, then.
Unknown command.
Evoke which item? (* to show all) (? for menu, Esc to quit)
Aiming: Corrosive Bolt That beam is likely to hit you.
Continue anyway?
Okay, then.
Unknown command.
The frost giant shouts!
Evoke which item? (* to show all) (? for menu, Esc to quit)
Aiming: Corrosive Bolt
Aim: a frost giant, wielding a +0 battleaxe of freezing (umbra)
The bolt of acid hits the frost giant (17).
The frost giant is splashed with acid (6).
The acid corrodes the frost giant!
The frost giant is moderately wounded.
This wand has 6 charges left.
The frost giant gestures at you while chanting.
The bolt of cold hits you!
That hurt (40)!
You take 35 damage.
Evoke which item? (* to show all) (? for menu, Esc to quit)
Aiming: Corrosive Bolt
Aim: a frost giant, wielding a +0 battleaxe of freezing (moderately wounded, covered in acid, umbra)
The bolt of acid hits the frost giant (26).
The frost giant is splashed with acid (6).
The acid corrodes the frost giant!
The frost giant is heavily wounded.
This wand has 5 charges left.
Evoke which item? (* to show all) (? for menu, Esc to quit)
Aiming: Corrosive Bolt
Aim: a frost giant, wielding a +0 battleaxe of freezing (heavily wounded, covered in acid, umbra)
The bolt of acid hits the frost giant (15).
The frost giant is splashed with acid (6).
The frost giant is severely wounded.
This wand has 4 charges left.
The frost giant gestures at you while chanting.
The bolt of cold hits you!
That hurt (29)!
* * * LOW HITPOINT WARNING * * *
You take 24 damage.
Evoke which item? (* to show all) (? for menu, Esc to quit)
Aiming: Corrosive Bolt
Aim: a frost giant, wielding a +0 battleaxe of freezing (severely wounded, covered in acid, umbra)
The bolt of acid hits the frost giant (11).
The frost giant is splashed with acid (3).
The acid corrodes the frost giant!
The frost giant is almost dead.
This wand has 3 charges left.
The frost giant points at you and mumbles some strange words.
The bolt of cold hits you!
That hurt (47)!
You die...

#.#.#)#▒..#.....$
#..#.#.▒▒..#..W.. ▒
#...#.#.▒▒..#.... ▒▒
#....#.#.▒▒..#... ▒▒.
#...C.#.#.▒▒..#u. ▒▒.#
#..#(..#.#.▒▒..#. ▒▒.#.
#..##...#.#.▒▒.. ▒▒.#.#
#..###...#.#.▒▒ ▒▒.#.#.
#.$.....@.#.#.▒▒
▒▒.#.#.. ..#...#...#.#.▒
▒.#.#...
##..##...#.#▒▒▒#†#...#
..###.###...#.#.#.#...##
.............#.#.#......
..............#.#[......
########################
#..............
###..............


You could see a frost giant.

Vanquished Creatures
  A deep elf high priest (D:12)
  A hydra (D:12)
  An orc high priest (D:10)
  Nergalle (D:10)
  An unseen horror (D:10)
  Pikel (D:7)
  2 ugly things (D:12)
  An orc sorcerer (D:10)
  A cyclops (D:12)
  2 manticores (D:12)
  3 spiny frogs
  2 gargoyles (D:12)
  A rime drake (D:10)
  2 freezing wraiths (D:12)
  3 meliai (D:12)
  3 trolls
  A vampire (D:9)
  A shadow (D:12)
  3 wraiths
  6 yaks (D:10)
  A tarantella (shapeshifter) (D:12)
  A wyvern (D:10)
  Eustachio (D:5)
  A steam dragon (D:11)
  2 acid dragons (D:12)
  2 wargs (D:10)
  2 spiny frog zombies
  A water moccasin (D:9)
  5 orc warriors
  4 ice beasts
  2 wasps
  A spiny frog skeleton (D:8)
  A phantom (D:10)
  8 ogres
  15 centaurs
  A blink frog skeleton (D:11)
  An elf zombie (Ossuary)
  2 bullfrogs
  2 wyvern skeletons (D:11)
  3 scorpions
  25 killer bees
  11 wights
  6 electric eels (D:11)
  A howler monkey (D:8)
  4 centaur zombies
  4 jellies
  2 quasits
  A wyvern simulacrum (D:12)
  3 crimson imps
  A hound (D:8)
  A gnoll shaman (D:4)
  3 human zombies (Ossuary)
  6 orc priests
  7 orc wizards
  4 centaur skeletons
  2 bullfrog skeletons (D:7)
  Natasha (twice) (D:3)
  2 worker ants
  2 killer bee zombies
  A big kobold zombie (Ossuary)
  2 iguanas (D:5)
  A hound skeleton (D:5)
  2 hound zombies (D:5)
  2 mummies (Ossuary)
  8 gnolls
  3 adders
  A shadow imp (D:8)
  4 oozes (D:1)
  An adder zombie (Ossuary)
  An adder skeleton (D:4)
  5 dart slugs
  29 orcs
  9 quokkas
  2 giant cockroaches
  13 goblins
  4 hobgoblins
  10 jackals
  9 bats
  3 frilled lizards
  8 hobgoblin zombies (Ossuary)
  7 kobolds
  9 kobold zombies (Ossuary)
  10 orc zombies (Ossuary)
  2 quokka skeletons
  3 rats
  A rat zombie (Ossuary)
  2 fungi (D:11)
332 creatures vanquished.

Vanquished Creatures (collateral kills)
  A jackal (D:1)
1 creature vanquished.

Vanquished Creatures (others)
  A slave (D:7)
  A scorpion (D:7)
  A wasp zombie (D:7)
  A crimson imp (D:7)
  A jelly (D:1)
  An orc wizard (D:7)
  2 giant cockroaches (D:1)
  A rat (D:1)
9 creatures vanquished.

Grand Total: 342 creatures vanquished

Notes
Turn   | Place    | Note
-------+----------+-------------------------------------------
     0 | D:1      | Lasty the Human Artificer began the quest for the Orb.
     0 | D:1      | Reached XP level 1. HP: 15/15 MP: 3/3
     1 | D:1      | Found a runed door.
     2 | D:1      | Noticed a jelly
   308 | D:1      | Reached skill level 1 in Polearms
   371 | D:1      | Reached XP level 2. HP: 19/21 MP: 4/4
   947 | D:2      | Reached skill level 2 in Polearms
  1359 | D:2      | Reached XP level 3. HP: 22/26 MP: 5/5
  1891 | D:2      | Reached skill level 3 in Polearms
  2529 | D:3      | Noticed Natasha
  2822 | D:3      | Reached XP level 4. HP: 15/32 MP: 6/6
  3189 | D:3      | Reached skill level 4 in Polearms
  3189 | D:3      | Reached XP level 5. HP: 35/37 MP: 7/7
  3569 | D:1      | Reached skill level 5 in Polearms
  4577 | D:3      | Reached XP level 6. HP: 41/43 MP: 8/8
  4712 | D:3      | Found a shimmering altar of Xom.
  4820 | D:3      | Noticed Natasha
  4820 | D:3      | Natasha changed into Natasha the worker ant
  4839 | D:3      | Killed Natasha the worker ant
  4972 | D:3      | Noticed Natasha
  5011 | D:3      | HP: 10/43 [Natasha (6)]
  5012 | D:3      | Killed Natasha
  5254 | D:3      | Noticed Natasha
  5268 | D:3      | Killed Natasha
  5268 | D:3      | Reached skill level 6 in Polearms
  6011 | D:4      | Noticed an ogre
  6117 | D:4      | Noticed an ogre
  6285 | D:4      | --fuck, didn't notice that
  6297 | D:4      | Reached XP level 7. HP: 42/48 MP: 9/9
  6556 | D:4      | Reached skill level 2 in Fighting
  6669 | D:4      | HP: 11/51 [gnoll/+0 club (7)]
  6677 | D:4      | Reached skill level 3 in Fighting
  7238 | D:4      | Reached skill level 4 in Fighting
  7343 | D:4      | Noticed Ijyb
  7373 | D:4      | --Does Ijyb always get a wand in hellcrawl?
  7379 | D:4      | Noticed Ijyb
  7379 | D:4      | Ijyb changed into Ijyb the centaur
  7390 | D:4      | Killed Ijyb the centaur
  7390 | D:4      | Reached XP level 8. HP: 37/61 MP: 10/10
  7682 | D:4      | Reached skill level 5 in Fighting
  7976 | D:5      | Entered Level 5 of the Dungeon
  8213 | D:5      | --woo, PDA!
  8287 | D:5      | Found a snail-covered altar of Cheibriados.
  8402 | D:5      | Reached skill level 1 in Armour
  8406 | D:5      | Got the +5 war axe of Sunlight {chop, Int+4 Dex+2}
  8510 | D:5      | Noticed Eustachio
  8537 | D:5      | Killed Eustachio
  8537 | D:5      | Reached skill level 1 in Axes
  8537 | D:5      | Reached skill level 2 in Armour
  8602 | D:5      | Found a burning altar of Makhleb.
  8603 | D:5      | Found a basalt altar of Yredelemnul.
  8649 | D:5      | Reached skill level 2 in Axes
  8658 | D:5      | Got the +2 leather armour "Symepnoi" {Str+4}
  8667 | D:5      | Found a staircase to the Ecumenical Temple.
  8676 | Temple   | Entered the Ecumenical Temple
  8767 | Temple   | Became a worshipper of Dithmenos the Shadowed
  8841 | D:5      | Found a snail-covered altar of Cheibriados.
  9096 | D:6      | Found a white marble altar of Elyvilon.
  9153 | D:6      | Reached skill level 3 in Armour
  9371 | D:6      | Reached skill level 3 in Axes
  9455 | D:6      | Reached XP level 9. HP: 50/68 MP: 11/11
  9463 | D:6      | Reached skill level 4 in Armour
  9566 | D:6      | Reached skill level 4 in Axes
  9748 | D:6      | Reached * piety under Dithmenos
  9960 | D:7      | Reached skill level 5 in Axes
  9960 | D:7      | Reached skill level 5 in Armour
  9979 | D:7      | Noticed Pikel
  9992 | D:7      | Killed Pikel
  9992 | D:7      | Reached skill level 6 in Armour
 10020 | D:7      | Reached skill level 6 in Axes
 10119 | D:7      | Reached skill level 7 in Axes
 10128 | D:7      | HP: 20/68 [killer bee (2)]
 10131 | D:7      | Reached XP level 10. HP: 13/74 MP: 12/12
 10132 | D:7      | HP: 9/111 [poisoned by a killer bee]
 10137 | D:7      | HP: 8/111 [poisoned by a killer bee]
 10142 | D:7      | HP: 7/111 [poisoned by a killer bee]
 10149 | D:7      | HP: 7/111 [poisoned by a killer bee]
 10157 | D:7      | HP: 7/111 [poisoned by a killer bee]
 10396 | D:7      | Reached ** piety under Dithmenos
 10398 | D:7      | Found an ancient bone altar of Kikubaaqudgha.
 10442 | D:7      | Found a sand-covered staircase.
 10449 | Ossuary  | Entered an ossuary
 10565 | Ossuary  | Reached skill level 8 in Axes
 10765 | D:7      | Found an opulent altar of Gozag.
 10934 | D:7      | Reached skill level 9 in Axes
 10937 | D:7      | Reached *** piety under Dithmenos
 11417 | D:8      | Reached skill level 10 in Axes
 11446 | D:8      | Got the +1 hunting sling of Utuumuapp {velocity, rF+ Stlth+}
 11478 | D:8      | Found Jet Bapn's General Store.
 11487 | D:8      | Bought a scroll of teleportation for 36 gold pieces
 11639 | D:8      | Found a stormy altar of Qazlal.
 11874 | D:8      | Found Givilim's Magic Scroll Emporium.
 11879 | D:8      | Bought a scroll of enchant armour for 105 gold pieces
 11879 | D:8      | Bought a scroll of fear for 49 gold pieces
 11879 | D:8      | Bought a scroll of teleportation for 42 gold pieces
 11879 | D:8      | Bought a scroll of teleportation for 42 gold pieces
 12196 | D:9      | Found a staircase to the Orcish Mines.
 12359 | D:9      | Found a hide-covered altar of Uskayaw.
 12362 | D:9      | Noticed a hand axe
 12363 | D:9      | Noticed a dagger
 12640 | D:9      | Reached skill level 11 in Axes
 12762 | D:10     | Entered Level 10 of the Dungeon
 12772 | D:10     | Noticed an orc high priest
 12785 | D:10     | Killed an orc high priest
 12785 | D:10     | Reached XP level 11. HP: 74/80 MP: 11/13
 12819 | D:10     | Reached skill level 12 in Axes
 13223 | D:10     | Reached **** piety under Dithmenos
 13296 | D:10     | Reached skill level 13 in Axes
 13665 | D:10     | Noticed an orc sorcerer
 13681 | D:10     | Killed an orc sorcerer
 14012 | D:10     | Noticed an unseen horror
 14024 | D:10     | Killed an unseen horror
 14044 | D:10     | Noticed Nergalle
 14059 | D:10     | Killed Nergalle
 14059 | D:10     | Reached skill level 14 in Axes
 14232 | D:11     | Reached XP level 12. HP: 82/86 MP: 14/14
 14262 | D:11     | Found a runed door.
 14262 | D:11     | Noticed an ettin
 14262 | D:11     | Noticed a sphinx
 14262 | D:11     | Noticed a yaktaur captain
 14264 | D:11     | Noticed a sphinx
 14264 | D:11     | Noticed a tengu reaver
 14264 | D:11     | Noticed a deep troll
 14264 | D:11     | Noticed a sphinx
 14330 | D:11     | --riiiiiight
 14330 | D:11     | --I forgot they were scary beyond all reason
 14366 | D:11     | HP: 24/86 [steam dragon] (5)]
 14659 | D:11     | HP: 24/86 [steam dragon (3)]
 15865 | D:11     | Found a sparkling altar of Nemelex Xobeh.
 16551 | D:12     | Learned a level 1 spell: Apportation
 16553 | D:12     | Learned a level 1 spell: Summon Butterflies
 16561 | D:12     | Noticed an eight-headed hydra
 16567 | D:11     | msp: flame doesn't do anything fam
 16667 | D:7      | msp: lol console smdh
 16820 | D:12     | Reached skill level 15 in Axes
 16859 | D:12     | HP: 25/87 [spiny frog (7)]
 16864 | D:12     | Reached ***** piety under Dithmenos
 16869 | D:12     | HP: 22/87 [troll (1)]
 16870 | D:12     | Reached skill level 6 in Fighting
 17262 | D:12     | Killed an eight-headed hydra
 17868 | D:12     | Reached skill level 7 in Armour
 18225 | D:12     | Noticed a deep elf high priest
 18243 | D:12     | Killed a deep elf high priest
 18243 | D:12     | Reached skill level 7 in Fighting
 18366 | D:12     | Noticed a frost giant
 18383 | D:12     | Reached XP level 13. HP: 48/96 MP: 7/15
 18633 | D:12     | Killed from afar by a frost giant

Vault maps used:
D:1:      dpeg_arrival_caged_fury
D:2:      kb_forest_paths
D:3:      lemuel_coloured_pillars_altar, uniq_natasha
D:4:      kennysheep_goblin_castle, due_unseen_surprise
D:5:      cheibrodos_worm_habitat, nicolae_overflow_hidden_temple, temple_hall,
          basic_altar, serial_park_tiny_1, wad_floor_pattern_2, uniq_eustachio
D:6:      elyvilon_altar_4, grunt_ministairs_14
D:7:      wad_pebble_path, lemuel_round_altar, kiku_gazebo_pond_becter,
          chequers_ossuary_entry_cave, uniq_pikel
D:8:      nicolae_qazlal_eye_of_the_storm, serial_shops, kennysheep_little_box,
          nicolae_shop_behind_doors
D:9:      dancing_weapons_uskayaw, minmay_orc_entry_temple_small
D:10:     uniq_nergalle
D:11:     minmay_gate_of_8, basic_altar
D:12:     evilmike_diamond_2, special_room
Temple:   zaba_magenta_temple
Ossuary:  ossuary_tomb_1

Action                   |  1- 3 |  4- 6 |  7- 9 | 10-12 | 13-15 || total
-------------------------+-------+-------+-------+-------+-------++-------
Melee: Spear             |   144 |   251 |    22 |       |       ||   417
       Dagger            |       |       |   123 |       |       ||   123
       War axe           |       |       |   159 |   661 |     8 ||   828
       Flail             |       |       |       |     7 |       ||     7
Throw: Stone             |       |       |     9 |     2 |       ||    11
Evoke: Wand              |     1 |    27 |     2 |     1 |     4 ||    35
  Use: Scroll            |       |       |     3 |     5 |       ||     8
       Potion            |       |       |     1 |       |       ||     1
 Stab: Sleeping          |     6 |       |       |       |       ||     6
       Confused          |       |     1 |       |       |       ||     1
       Distracted        |       |       |       |     1 |       ||     1
Armor: Leather armour    |    27 |       |       |       |       ||    27
       Ring mail         |       |    74 |    23 |       |       ||    97
       Pearl dragon scal |       |       |   114 |   349 |     2 ||   465
       Scale mail        |       |       |    10 |       |       ||    10
       Skin              |       |       |     6 |     1 |       ||     7
Dodge: Dodged            |    73 |   116 |   181 |   312 |     2 ||   684

Skill      XL: |  1  2  3  4  5  6  7  8  9 10 11 12 |
---------------+-------------------------------------+-----
Polearms       | 1 2 3 4 5 6 |  6.6
Fighting       | 4 5 7 |  7.3
Armour         | 3 6 7 |  7.7
Axes           | 3 7 11 14 15 | 15.5
Short Blades   | |  1.0
Dodging        | |  2.0
Stealth        | |  1.0
Evocations     | |  3.0
